 Dungeon Crawl Stone Soup version 0.26-a0-651-gb41185065b (webtiles) character file.

Game seed: 5622385851205124326

110 Ozzies the Skirmisher (level 4, -1/31 HPs)
             Began as a Gargoyle Fighter on Oct 7, 2020.
             Slain by a gnoll
             ... wielding a +0 halberd
              (6 damage)
             ... on level 3 of the Dungeon.
             The game lasted 00:01:50 (2051 turns).

Ozzies the Skirmisher (Gargoyle Fighter)            Turns: 2051, Time: 00:01:50

Health: -1/31      AC: 12    Str: 20    XL:     4   Next: 91%
Magic:  4/4        EV:  7    Int:  9    God:
Gold:   139        SH:  9    Dex:  9    Spells: 3/3 levels left

rFire    . . .     SeeInvis .   o - +0 dagger (speed)
rCold    . . .     Faith    .   c - +0 kite shield
rNeg     + . .     Spirit   .   b - +0 scale mail
rPois    ∞         Reflect  .   (no helmet)
rElec    +         Harm     .   (no cloak)
rCorr    .         Rampage  .   (no gloves)
MR       .....                  k - +1 pair of boots
Stlth    ..........             (no amulet)
HPRegen  0.10/turn              (no ring)
MPRegen  0.09/turn              (no ring)

@: no status effects
A: negative energy resistance 1, electricity resistance, unbreathing,
petrification resistance, rot immunity, AC +3
a: no special abilities


You were on level 3 of the Dungeon.
You visited 1 branch of the dungeon, and saw 3 of its levels.

You collected 139 gold pieces.

Inventory:

Hand Weapons
 a - a +0 flail
 o - a +0 dagger of speed (weapon)
Missiles
 e - 52 stones (quivered)
Armour
 b - a +0 scale mail (worn)
 c - a +0 kite shield (worn)
 k - a +1 pair of boots (worn)
Scrolls
 f - 4 scrolls of identify {unknown}
 g - 2 scrolls of amnesia {unknown}
 i - a scroll of remove curse {unknown}
 m - a scroll of fear {unknown}
 n - a scroll of random uselessness {unknown}
 p - a scroll of magic mapping {unknown}
 r - a scroll of blinking {unknown}
Potions
 d - a potion of might {@q3 !q}
 h - a potion of magic {unknown}
 j - a potion of heal wounds {unknown}
 l - 3 potions of lignification {unknown}
 q - a potion of degeneration {unknown}


   Skills:
 * Level 5.3 Fighting
 + Level 3.1 Maces & Flails
 - Level 3.2 Armour
 - Level 3.2 Shields


You had 3 spell levels left.
You didn't know any spells.
Your spell library was empty.

Dungeon Overview and Level Annotations

Branches:
Dungeon (3/15)

Altars:
Zin


Innate Abilities, Weirdness & Mutations

You are resistant to torment.
Your stone body is resilient. (AC +3)
You are immune to poison.
You resist negative energy. (rN+)
You are resistant to electric shocks. (rElec)
You can survive without breathing.
You are immune to petrification.
You are immune to rotting.


Message History

A centaur comes into view.
The gnoll hits you but does no damage. The hobgoblin hits you.
You hit the gnoll but do no damage.
The gnoll is lightly wounded.
You block the goblin's attack. The orc barely misses you.
The hobgoblin barely misses you. You block the gnoll's attack.
The gnoll hits you from afar with a +0 halberd!
You barely miss the gnoll.
The gnoll is lightly wounded.
You block the goblin's attack. The gnoll barely misses you.
The orc barely misses you. You block the hobgoblin's attack.
You hit the gnoll but do no damage.
The gnoll is lightly wounded.
The gnoll completely misses you. You block the goblin's attack.
You completely miss the gnoll.
The gnoll is lightly wounded.
You block the hobgoblin's attack. The gnoll hits you but does no damage.
The gnoll completely misses you.
You hit the gnoll but do no damage.
The gnoll is lightly wounded.
The goblin hits you but does no damage. You block the hobgoblin's attack.
The gnoll barely misses you. You block the orc's attack.
The orc hits you but does no damage.
You hit the gnoll but do no damage.
The gnoll is lightly wounded.
You block the orc's attack. The gnoll barely misses you.
You block the goblin's attack. You block the gnoll's attack.
The hobgoblin hits you but does no damage.
The orc barely misses you.
You hit the gnoll.
The gnoll is moderately wounded.
The orc barely misses you. The orc hits you but does no damage.
The goblin hits you but does no damage.
The gnoll hits you from afar with a +0 halberd.
You closely miss the gnoll.
The gnoll is moderately wounded.
You block the gnoll's attack.
The hobgoblin hits you but does no damage.
The orc barely misses you. The orc closely misses you.
The orc hits you but does no damage.
You hit the gnoll but do no damage.
The gnoll is moderately wounded.
The goblin hits you but does no damage.
The hobgoblin hits you but does no damage.
The gnoll hits you with a +0 whip. You block the gnoll's attack.
You block the orc's attack. The orc hits you but does no damage.
You are too injured to fight recklessly!
You are too injured to fight recklessly!
You are too injured to fight recklessly!
You are too injured to fight recklessly!
You are too injured to fight recklessly!
You are too injured to fight recklessly!
You are too injured to fight recklessly!
You are too injured to fight recklessly!
You are too injured to fight recklessly!
You are too injured to fight recklessly!
You are too injured to fight recklessly!
You hit the orc.
The orc is lightly wounded.
The orc hits you but does no damage. You block the goblin's attack.
You block the gnoll's attack. The hobgoblin hits you.
You hit the orc but do no damage.
The orc is lightly wounded.
The gnoll barely misses you. The orc barely misses you.
The orc hits you but does no damage. You block the orc's attack.
The goblin hits you but does no damage.
You hit the orc but do no damage.
The orc is lightly wounded.
The gnoll hits you but does no damage. You block the hobgoblin's attack.
The gnoll hits you but does no damage. You block the orc's attack.
The orc barely misses you. You block the orc's attack.
You hit the orc but do no damage.
The orc is lightly wounded.
You block the goblin's attack. The hobgoblin barely misses you.
You block the gnoll's attack.
You closely miss the orc.
The orc is lightly wounded.
You block the orc's attack. The orc hits you but does no damage.
The gnoll hits you from afar with a +0 halberd.
You block the orc's attack. The goblin hits you but does no damage.
You barely miss the orc.
The orc is lightly wounded.
You block the gnoll's attack. You block the hobgoblin's attack.
The orc closely misses you.
You hit the orc but do no damage.
The orc is lightly wounded.
The orc hits you but does no damage. The goblin hits you.
You block the orc's attack.
The gnoll hits you from afar with a +0 halberd!
* * * LOW HITPOINT WARNING * * *
The gnoll hits you but does no damage. You block the hobgoblin's attack.
You hit the orc but do no damage.
The orc is lightly wounded.
The orc hits you with a +0 short sword.
* * * LOW HITPOINT WARNING * * *
The orc hits you but does no damage. The goblin hits you but does no damage.
You block the orc's attack. You block the hobgoblin's attack.
The gnoll hits you but does no damage.
The gnoll hits you from afar with a +0 halberd.
You die...

.#. #.# #.#
#?#####
#.#...####
#######.c....$..
#....^.ogg...#
#.o@gg..#
#<##o..## #.#
##.# #.# # #.#
#.# #.# #.# ..#


You could see a centaur, 2 gnolls, 3 orcs, a hobgoblin and a goblin.

Vanquished Creatures
  A gnoll (D:3)
  4 adders (D:2)
  An ooze (D:1)
  5 dart slugs
  3 leopard geckos (D:1)
  A ball python (D:1)
  6 giant cockroaches
  8 goblins
  5 hobgoblins (D:1)
  4 bats
  2 frilled lizards (D:1)
  5 kobolds (D:1)
  3 rats
48 creatures vanquished.

Vanquished Creatures (others)
  A plant (D:2)
1 creature vanquished.

Grand Total: 49 creatures vanquished

Notes
Turn   | Place    | Note
-------+----------+-------------------------------------------
     0 | D:1      | Ozzies the Gargoyle Fighter began the quest for the Orb.
     0 | D:1      | Reached XP level 1. HP: 14/14 MP: 1/1
   101 | D:1      | Reached XP level 2. HP: 17/20 MP: 2/2
   489 | D:1      | Reached skill level 4 in Fighting
   644 | D:1      | Reached XP level 3. HP: 18/24 MP: 3/3
  1249 | D:2      | Reached XP level 4. HP: 28/30 MP: 4/4
  1417 | D:2      | Reached skill level 5 in Fighting
  1455 | D:2      | Found a faded altar of an unknown god.
  1735 | D:2      | Found a glowing silver altar of Zin.
  2034 | D:3      | Noticed a centaur
  2051 | D:3      | Slain by a gnoll

Illustrated notes

Levels and vault maps discovered:
D:1:      nicolae_arrival_washed_ashore, layout_basic
D:2:      layout_loops_ring, old_standard_altar, chequers_ecumenical_altar_lobes
D:3:      layout_loops_ring, marbit_many_paths, nicolae_overflow_crystal_walls

Skill      XL: |  1  2  3  4 |
---------------+-------------+-----
Fighting       | 4 5 |  5.3
Maces & Flails | 3 |  3.1
Armour         | |  3.2
Shields        | |  3.2

Action                   |  1- 3 |  4- 6 || total
-------------------------+-------+-------++-------
Melee: Flail             |   138 |    12 ||   150
       Dagger            |       |   107 ||   107
Armor: Scale mail        |    83 |    64 ||   147
Dodge: Dodged            |    51 |    42 ||    93
Block: Kite shield       |    80 |    83 ||   163

Table legend: (Time is in decaauts)
 A = Elapsed time spent in this place.
 B = Non-inter-level travel time spent in this place.
 C = Inter-level travel time spent in this place.
 D = Time resting spent in this place.
 E = Time spent auto-exploring this place.
 F = Levels seen in this place.
 G = Mean time per level.
                   A        B        C        D        E       F      G
               +--------+--------+--------+--------+--------+-----+--------+
         Total |   2076 |   2060 |     16 |      0 |   1634 |   3 |  692.0 |
       Dungeon |   2076 |   2060 |     16 |      0 |   1634 |   3 |  692.0 |
               +--------+--------+--------+--------+--------+-----+--------+

Top non-repeatable levels by time:
     D:1: 1257 daAuts
     D:2: 788 daAuts
     D:3: 30 daAuts
